 Dungeon Crawl Stone Soup version 0.17-a0-2227-g3b849ff (webtiles) character file.

1791 Geeful the Ducker (level 8, -2/71 HPs)
             Began as a Demonspawn Wanderer on Oct 30, 2015.
             Killed from afar by an electric eel (11 damage)
             ... with a bolt of electricity
             ... on level 6 of the Dungeon.
             The game lasted 00:25:51 (7877 turns).

Geeful the Ducker (Demonspawn Wanderer)             Turns: 7877, Time: 00:25:51

Health: -2/71      AC:  5    Str:  9      XL:     8   Next: 82%
Magic:  8/8        EV: 12    Int: 18      God:
Gold:   123        SH:  0    Dex: 10 (16) Spells: 0 memorised, 7 levels left

rFire  . . .     SeeInvis .       - Unarmed
rCold  . . .     Clarity  .     j - +0 ring mail
rNeg   + . .     SustAt   .     (no shield)
rPois  .         Gourm    .     (helmet restricted)
rElec  .         Spirit   .     (no cloak)
rCorr  .         Warding  +     (no gloves)
rMut   .         Stasis   .     (no boots)
MR     .....                    d - amulet of warding
Stlth  ++........               l - +2 ring of intelligence
                                v - ring of flight

@: not resistant to hostile enchantments, unstealthy
A: antennae 1, claws 1, clever 1, deterioration 1, nightstalker 2, robust 1,
weak 1
a: Evoke Flight


You were on level 6 of the Dungeon.
You were not hungry.

You visited 2 branches of the dungeon, and saw 7 of its levels.
You also visited: Sewer.

You collected 233 gold pieces.
You spent 110 gold pieces at shops.

Inventory:

Hand Weapons
 b - a +0 blowgun
 x - a +1 hunting sling
Missiles
 c - 220 stones (quivered)
 p - 4 sling bullets
 z - 3 poisoned needles
Armour
 h - a +0 leather armour
 j - a +0 ring mail (worn)
 r - a +0 helmet
Jewellery
 d - an amulet of warding (around neck)
 l - a +2 ring of intelligence (right claw)
 v - a ring of flight (left claw)
Wands
 y - a wand of enslavement (5)
Scrolls
 e - a scroll of teleportation
 g - 3 scrolls of remove curse
 k - a scroll of random uselessness {unknown}
 m - a scroll of fog
 o - 4 scrolls of amnesia
 q - a scroll of blinking
 w - a scroll of identify
 C - a scroll of enchant armour {unknown}
Potions
 a - 3 potions of curing
 i - 2 potions of magic
 n - 3 potions of flight
Miscellaneous
 B - a plain deck of changes
Comestibles
 f - 5 bread rations
 s - 2 beef jerkies
 t - 6 fruits
 u - a meat ration


   Skills:
 + Level 6.3 Fighting
   Level 1.0 Long Blades
   Level 1.7 Crossbows
 - Level 1.0 Armour
 * Level 6.6 Dodging
   Level 1.0 Shields
 * Level 6.4 Unarmed Combat
 - Level 1.0 Evocations


You had 7 spell levels left.
You didn't know any spells.

Dungeon Overview and Level Annotations

Branches:
Dungeon (6/15)             Temple (1/1) D:5

Altars:
Ashenzari
Cheibriados
Dithmenos
Elyvilon
Fedhas
Gozag
Kikubaaqudgha
Nemelex Xobeh
Okawaru
Qazlal
Ru
Trog
Vehumet
Xom
Yredelemnul
The Shining One

Shops:
D:5 !

Annotations:
D:5 slAvIk159's ghost, novice HOFi


Innate Abilities, Weirdness & Mutations

You have a pair of small antennae on your head.
You have sharp fingernails.
You are significantly more attuned to the shadows.
Your mind is acute. (Int +2)
Your body sometimes deteriorates upon taking damage.
You are robust (+10% HP).
You are weak. (Str -2)


Message History

Aim: an electric eel (lightly wounded, poisoned)
You shoot a poisoned needle.
The poisoned needle hits the electric eel!
The electric eel looks even sicker.
The electric eel is lightly wounded.
You hear a splash.
You are now empty-clawed.
The electric eel shoots out a bolt of lightning at you!
The bolt of electricity hits you!
* * * LOW HITPOINT WARNING * * *
The bolt of electricity hits you!
* * * LOW HITPOINT WARNING * * *
Your body deteriorates!
You feel clumsy.
Drink which item? (? for menu, Esc to quit)
You feel much better.
The electric eel shoots out a bolt of lightning at you!
The bolt of electricity hits you!
* * * LOW HITPOINT WARNING * * *
The bolt of electricity hits you!
You die...

########..PP♣≈P..
##.≈P≈≈≈P.
#...P≈≈≈..
##.P≈♣≈P≈P


#..PP♣PPPP ##.PP≈♣♣P♣ #..P≈≈≈♣ ##.≈P≈♣♣≈ #.@;≈≈≈≈ ##.PP≈≈≈ #.PPP≈P #..≈.≈P
##....# ##### You could see an electric eel.

Vanquished Creatures
  Grinder (D:3)
  4 yaks (D:6)
  A sky beast (D:5)
  A phantom (D:5)
  An ogre (D:5)
  The ghost of dsb250 the Grave Robber, an amateur DsNe (D:5)
  A big kobold (Sewer)
  2 hounds
  4 orc priests
  2 crimson imps
  2 orc wizards (D:4)
  A quasit (D:6)
  3 worker ants (D:4)
  A centaur skeleton (D:5)
  Terence (D:3)
  6 adders
  2 river rats (Sewer)
  A shadow imp (D:5)
  An ooze (D:2)
  2 worms
  3 giant geckos
  17 orcs
  5 bats
  2 giant cockroaches (D:4)
  6 goblins
  9 hobgoblins
  8 kobolds
  A quokka (Temple)
  A ball python (D:1)
  A ball python skeleton (D:6)
  5 giant newts
  16 jackals
  A quokka skeleton (D:4)
  7 rats
120 creatures vanquished.

Vanquished Creatures (collateral kills)
  A quokka zombie (D:6)
1 creature vanquished.

Grand Total: 121 creatures vanquished

Notes
Turn   | Place    | Note
--------------------------------------------------------------
     0 | D:1      | Geeful the Demonspawn Wanderer began the quest for the Orb.
     0 | D:1      | Geeful set off with: a +0 shield, a +0 shortbow, 24 arrows, a +0 falchion, a +0 robe, a bread ration
     0 | D:1      | Reached XP level 1. HP: 19/19 MP: 1/1
   615 | D:1      | Reached skill level 1 in Unarmed Combat
   629 | D:1      | Gained mutation: You have sharp fingernails. [demonic ancestry]
   629 | D:1      | Reached XP level 2. HP: 15/25 MP: 2/2
  1153 | D:1      | Reached skill level 1 in Dodging
  1692 | D:2      | Reached XP level 3. HP: 25/30 MP: 3/3
  2101 | D:2      | Found an opulent altar of Gozag.
  2114 | D:2      | Found a glowing golden altar of the Shining One.
  2129 | D:2      | Found a shadowy altar of Dithmenos.
  2698 | D:3      | Gained mutation: You are slightly more attuned to the shadows. [demonic ancestry]
  2698 | D:3      | Reached XP level 4. HP: 34/37 MP: 4/4
  2762 | D:3      | Noticed Terence
  2785 | D:3      | Killed Terence
  2902 | D:4      | Reached XP level 5. HP: 11/43 MP: 5/5
  3448 | D:3      | Noticed Grinder
  3474 | D:3      | Paralysed by Grinder for 2 turns
  3484 | D:3      | Killed Grinder
  3484 | D:3      | Gained mutation: You are significantly more attuned to the shadows. [demonic ancestry]
  3484 | D:3      | Reached XP level 6. HP: 20/50 MP: 6/6
  4151 | D:4      | Reached skill level 5 in Fighting
  4151 | D:4      | Reached XP level 7. HP: 39/56 MP: 7/7
  4916 | D:5      | Entered Level 5 of the Dungeon
  5006 | D:5      | Noticed slAvIk159's ghost (novice HOFi)
  5044 | D:5      | Found a staircase to the Ecumenical Temple.
  5051 | Temple   | Entered the Ecumenical Temple
  5208 | Temple   | Gained mutation: You are weak. (Str -2) [mutagenic meat]
  5209 | Temple   | Gained mutation: Your body sometimes deteriorates upon taking damage. [mutagenic meat]
  5210 | Temple   | Gained mutation: Your mind is acute. (Int +2) [mutagenic meat]
  5212 | Temple   | Gained mutation: You are robust (+10% HP). [mutagenic meat]
  5669 | D:5      | Found a glowing drain.
  5680 | D:5      | Reached skill level 5 in Dodging
  5685 | Sewer    | Entered a sewer
  5882 | Sewer    | Found a white marble altar of Elyvilon.
  6018 | D:5      | Found Kusamp's Distillery.
  6025 | D:5      | Bought a potion of heal wounds for 55 gold pieces
  6025 | D:5      | Bought a potion of heal wounds for 55 gold pieces
  6335 | D:5      | Noticed dsb250's ghost (amateur DsNe)
  6360 | D:5      | Killed dsb250's ghost
  6360 | D:5      | Reached skill level 5 in Unarmed Combat
  6360 | D:5      | Gained mutation: You have a pair of small antennae on your head. [demonic ancestry]
  6360 | D:5      | Reached XP level 8. HP: 32/69 MP: 8/8
  7425 | D:6      | Reached skill level 6 in Fighting
  7875 | D:6      | HP: 2/71 [electric eel/bolt of electricity (13)]
  7877 | D:6      | Killed from afar by an electric eel

Vault maps used:
D:1:      matt_arrival_debris
D:2:      minitemple
D:3:      first_bread, st_stairs_13, uniq_terence, uniq_grinder
D:4:      minmay_liquid_box
D:5:      minmay_temple_entry_trees, serial_shops,
          nicolae_shop_temple_entry_statues_fountains, portal_sewer_entry_d,
          amalloy_card_club
D:6:      lemuel_coloured_pillars_altar, serial_shops, shop,
          serial_bayou_lagoon_a
Temple:   circular_temple_13
Sewer:    sewer_kobolds

Action                   |  1- 3 |  4- 6 |  7- 9 || total
-------------------------+-------+-------+-------++-------
Melee: Unarmed           |   234 |   141 |   288 ||   663
 Fire: Hunting sling     |       |    11 |       ||    11
       Blowgun           |       |       |    17 ||    17
Throw: Stone             |    13 |       |       ||    13
Evoke: Wand              |       |       |     3 ||     3
  Use: Scroll            |     2 |     2 |     3 ||     7
       Potion            |       |     9 |     7 ||    16
 Stab: Sleeping          |       |     4 |     4 ||     8
       Invisible         |       |       |     1 ||     1
  Eat: Chunk             |     6 |     5 |    16 ||    27
       Pizza             |       |       |     1 ||     1
